Cogmind - Beta 9.6 @@@ ROGUE MODE // 2020.05.23 @ 13:13:26 // Winter2019/RPGLIKE Player: hemo Result: Destroyed by G-67 Veteran with Electrolaser Performance ------------- Evolutions (7) 3500 Regions Visited (23) 4600 Robots Destroyed (548) 2740 Value Destroyed (25767) 25767 Prototype IDs (86) 1720 Alien Tech Used (2) 400 Bonus (10849) 10849 TOTAL SCORE: 49576 Bonus ------- High Alert Combat Kills 5894 Follower Combat Kills 1076 Aligned with FarCom 300 Met Imprinter 300 Met Zhirov 300 Met Warlord at Base 500 MAIN.C Attacked Warlord 500 Warlord Defense Kill 2548 Friendly Fire -569 Cogmind --------- Core Integrity 0/600 Matter 50/400 Energy 700/700 System Corruption 1% Temperature Cool (151) Movement Immobile (Siege) Location -3/Research Parts ------- > --- POWER (2) -------- Vortex Chain Reactor > --- PROPULSION (4) --- Biometal Heavy Treads Biometal Heavy Treads > --- UTILITY (12) ----- Experimental Coolant Injector Experimental Targeting Computer Experimental Target Analyzer Improved Kinecellerator Improved Weapon Cycler Heavy Reactive Plating Advanced Thermal Shield Advanced Hardlight Generator System Mapper Advanced System Shield Improved System Restoration Module > --- WEAPON (7) ------- Vortex Rail Enhanced Autogun Enhanced Autogun Enhanced Autogun Enhanced Autogun Enhanced Autogun Vortex Lance > --- INVENTORY (5) ---- Protomatter-69 Experimental Terrain Scanner Advanced Core Analyzer Improved Shock Absorption System EM Dispersion Field Peak State ------------ > --- POWER ------------ Vortex Chain Reactor > --- PROPULSION ------- Biometal Heavy Treads Biometal Heavy Treads > --- UTILITY ---------- Experimental Coolant Injector Experimental Targeting Computer Experimental Target Analyzer Improved Kinecellerator Improved Weapon Cycler Heavy Reactive Plating EM Dispersion Field Advanced Hardlight Generator System Mapper Advanced System Shield Improved System Restoration Module > --- WEAPON ----------- Vortex Rail Enhanced Autogun Enhanced Autogun Enhanced Autogun Enhanced Autogun Enhanced Autogun Vortex Lance > --- INVENTORY -------- Protomatter Experimental Terrain Scanner Advanced Core Analyzer Advanced Thermal Shield Improved Shock Absorption System [Rating: 180] Favorites ----------- Power Vortex Chain Reactor Engine Deuterium Engine Power Core Fission Core Reactor Vortex Chain Reactor Propulsion Advanced Treads Treads Advanced Treads Leg Advanced Myomer Leg Wheel Compact Wheel Flight Unit Cooled VTOL Module Utility Advanced System Shield Device Improved Weapon Cycler Storage Improved Energy Well Processor Advanced Targeting Computer Hackware Advanced System Shield Protection Heavy Reactive Plating Weapon Enhanced Autogun Energy Gun Vortex Rail Energy Cannon Heavy Particle Cannon Ballistic Gun Enhanced Autogun Ballistic Cannon Light Cannon Launcher Rocket Launcher Slashing Weapon Phasing Sabre Piercing Weapon Vortex Lance Special Melee Weapon Improved Datajack Build | -11 -10 -10 -10 -9 -8 -8 -7 -6 -6 -6 -6 -5 -5 -5 -5 -5 -4 -4 -4 -4 -4 -3 -3 ------- Run | Scr Mat Min Exi Min Mat Sto Fac Fac Low Low Zio Pro Fac Upp Upp War Pro Fac Upp Upp Zhi Pro Res Slots Evolved 21 | 3 1 1 . . 4 2 3 1 . . . . 1 1 . 1 1 2 . . . . . Power 1 | . . . . . . . . . . . . . . . . 1 . . . . . . . Propulsion 3 | 1 . . . . . . 1 . . . . . . . . . . 1 . . . . . Utility 11 | 1 1 1 . . 2 1 2 1 . . . . 1 1 . . . . . . . . . Weapon 6 | 1 . . . . 2 1 . . . . . . . . . . 1 1 . . . . . Parts Attached 236 | 8 16 3 1 2 30 25 12 13 2 5 4 4 49 1 1 15 2 20 . . 6 . 17 Power 14 | 1 3 . . 1 1 1 1 1 1 . . 1 . . . 1 . . . . 2 . . Engine 6 | 1 2 . . . . 1 1 1 . . . . . . . . . . . . . . . Core 4 | . 1 . . 1 1 . . . 1 . . . . . . . . . . . . . . Reactor 4 | . . . . . . . . . . . . 1 . . . 1 . . . . 2 . . Propulsion 27 | 3 4 . . . 5 4 1 . . . . . 4 . . . . 4 . . 2 . . Treads 24 | 2 4 . . . 5 3 1 . . . . . 4 . . . . 4 . . 1 . . Leg 1 | . . . . . . . . . . . . . . . . . . . . . 1 . . Wheel 1 | 1 . . . . . . . . . . . . . . . . . . . . . . . Hover . | . . . . . . . . . . . . . . . . . . . . . . . . Flight 1 | . . . . . . 1 . . . . . . . . . . . . . . . . . Utility 115 | 2 6 2 . 1 7 5 5 6 1 3 2 3 32 1 1 7 1 15 . . 2 . 13 Device 82 | 1 1 2 . 1 2 3 3 2 1 3 2 2 25 1 . 5 1 13 . . 1 . 13 Storage 2 | . . . . . . . . . . . . . 1 . . . . 1 . . . . . Processor 4 | 1 . . . . 1 . . . . . . . 1 . . 1 . . . . . . . Hackware 9 | . . . . . . . 1 2 . . . . 3 . 1 1 . 1 . . . . . Protection 18 | . 5 . . . 4 2 1 2 . . . 1 2 . . . . . . . 1 . . Artifact . | . . . . . . . . . . . . . . . . . . . . . . . . Weapon 80 | 2 3 1 1 . 17 15 5 6 . 2 2 . 13 . . 7 1 1 . . . . 4 Energy Gun 7 | 1 1 . . . 2 . . . . . . . . . . 1 . 1 . . . . 1 Energy Cannon 7 | . . . . . 5 2 . . . . . . . . . . . . . . . . . Ballistic Gun 41 | 1 1 . 1 . 7 11 4 3 . 1 1 . 8 . . 3 . . . . . . . Ballistic Cannon 1 | . 1 . . . . . . . . . . . . . . . . . . . . . . Launcher 4 | . . 1 . . 1 2 . . . . . . . . . . . . . . . . . Special Weapon . | . . . . . . . . . . . . . . . . . . . . . . . . Impact Weapon . | . . . . . . . . . . . . . . . . . . . . . . . . Slashing Weapon 14 | . . . . . 1 . 1 3 . 1 1 . 5 . . 1 1 . . . . . . Piercing Weapon 5 | . . . . . . . . . . . . . . . . 2 . . . . . . 3 Special Melee Weapon 1 | . . . . . 1 . . . . . . . . . . . . . . . . . . Unidentified Prototypes 27 | . . 1 . . 3 4 1 . . . . . 1 . . 7 . 2 . . 5 . 3 Parts Lost . | . . . . . . . . . . . . . . . . . . . . . . . . Power . | . . . . . . . . . . . . . . . . . . . . . . . . Propulsion . | . . . . . . . . . . . . . . . . . . . . . . . . Utility . | . . . . . . . . . . . . . . . . . . . . . . . . Weapon . | . . . . . . . . . . . . . . . . . . . . . . . . Highest Loss Streak . | . . . . . . . . . . . . . . . . . . . . . . . . Average Slot Usage (%) 92 | . 99 100 100 99 99 99 99 96 94 94 94 94 92 90 90 88 86 83 84 84 82 84 83 Engine 1 | . 10 . . . . 5 5 5 3 . . . . . . . . . . . . . . Core 1 | . 2 11 11 11 9 . . . 1 5 5 3 . . . . . . . . . . . Reactor 2 | . . . . . . . . . . . . 1 5 4 4 4 4 4 4 4 4 4 4 Treads 13 | . 26 23 22 22 19 13 15 15 15 15 15 15 12 9 9 9 8 8 8 8 7 8 8 Device 25 | . 18 30 33 32 20 21 23 26 24 26 26 26 28 32 30 28 26 24 24 24 22 24 23 Processor 5 | . . . . . 2 6 5 5 5 5 5 5 5 4 4 6 8 8 8 8 8 8 8 Hackware 5 | . . . . . . . 5 6 6 5 5 5 10 9 11 10 8 8 8 8 8 8 8 Protection 8 | . 13 11 11 11 18 18 12 8 10 10 10 9 5 4 4 4 4 4 4 4 4 4 4 Energy Gun 1 | . 11 . . . . . . . . . . . . . . . . . 4 4 4 4 3 Energy Cannon 1 | . . . . . 9 3 . . . . . . . . . . . . . . . . . Ballistic Gun 22 | . 12 10 . 11 16 27 28 25 26 25 23 26 24 23 23 18 21 20 20 20 20 20 20 Slashing Weapon 1 | . . . . . . . . 1 . . 2 . . . . 2 . 4 4 4 4 4 1 Naked Turns . | . . . . . . . . . . . . . . . . . . . . . . . . Heaviest Build 121 | 9 20 22 22 22 48 53 47 74 75 73 73 81 81 81 81 106 106 118 118 118 118 118 121 Greatest Support 150 | 40 40 40 40 40 42 44 66 66 66 66 66 66 92 92 92 92 92 150 150 150 150 150 150 Greatest Overweight (x) 4 | 2 2 . . . 1 2 1 1 1 1 1 1 1 3 . 1 4 1 . . 1 . . Average Overweight (x) . | . . . . . . . . . 1 1 1 1 . . . . 1 . . . . . . Largest Inventory Capacity 5 | 1 2 2 2 2 4 4 5 5 5 5 5 5 5 5 5 5 5 5 5 5 5 5 5 Average Capacity 4 | . 1 2 2 2 3 4 4 5 5 5 5 5 5 5 5 5 5 5 5 5 5 5 5 Most Carried 5 | 1 2 2 2 2 4 4 5 5 5 5 5 5 5 5 5 5 5 5 5 5 5 5 5 Average Carried 4 | . 1 1 2 2 3 3 3 4 4 5 5 5 4 4 4 4 4 4 5 5 5 5 4 Final Capacity 5 | 1 2 2 2 2 4 4 5 5 5 5 5 5 5 5 5 5 5 5 5 5 5 5 5 Final Carried 5 | 1 2 2 2 2 4 4 5 5 5 5 5 5 5 5 5 5 5 5 5 5 5 5 5 Class Distribution -------------------- 45% | Hacker-Gunner 18% | Hacker-Assassin 10% | Skirmisher 7% | Hacker-Executioner 6% | Mutant 4% | Hacker-Mutant Dominant Class ---------------- Mutant | -10/Materials Skirmisher | -10/Mines Mutant | -10/Exiles Skirmisher | -9/Mines Skirmisher | -8/Materials Tank | -8/Storage Hacker-Gunner | -7/Factory Hacker-Gunner | -6/Factory Hacker-Gunner | -6/Lower Caves Hacker-Gunner | -6/Lower Caves Hacker-Mutant | -6/Zion Hacker-Gunner | -5/Proximity Caves Hacker-Gunner | -5/Factory Hacker-Gunner | -5/Upper Caves Hacker-Gunner | -5/Upper Caves Hacker-Gunner | -5/Warlord Hacker-Gunner | -4/Proximity Caves Hacker-Assassin | -4/Factory Hacker-Executioner | -4/Upper Caves Hacker-Executioner | -4/Upper Caves Hacker-Executioner | -4/Zhirov Hacker-Executioner | -3/Proximity Caves Hacker-Assassin | -3/Research Resources | -11 -10 -10 -10 -9 -8 -8 -7 -6 -6 -6 -6 -5 -5 -5 -5 -5 -4 -4 -4 -4 -4 -3 -3 ----------- Run | Scr Mat Min Exi Min Mat Sto Fac Fac Low Low Zio Pro Fac Upp Upp War Pro Fac Upp Upp Zhi Pro Res Matter Collected 14220 | 250 203 43 . 176 775 720 1676 521 555 410 59 366 2866 490 445 660 560 1446 134 285 80 255 1245 Remotely . | . . . . . . . . . . . . . . . . . . . . . . . . Salvage Created 25092 | 104 680 27 . 61 1176 1318 2234 952 354 728 . 431 4839 898 876 945 910 3043 493 390 169 669 3795 Parts 1344 | 7 47 12 . 1 90 58 147 56 31 38 . 30 228 48 28 50 62 141 10 16 . 38 206 Haulers Intercepted 10 | . 1 . . . 4 4 . . . . . . 1 . . . . . . . . . . Recyclers Shooed 7 | 1 . . . . . . 1 . . . . . 3 . . . . . . . . . 2 Parts Field Recycled . | . . . . . . . . . . . . . . . . . . . . . . . . Retrieved Matter . | . . . . . . . . . . . . . . . . . . . . . . . . Parts Self-Destructed 444 | . . . . . . . . . 31 36 2 29 . 52 29 117 64 . 13 28 . 43 . Prevented 8 | . . . . . . . . . . . . . . . . 6 . . 2 . . . . Kills | -11 -10 -10 -10 -9 -8 -8 -7 -6 -6 -6 -6 -5 -5 -5 -5 -5 -4 -4 -4 -4 -4 -3 -3 ------- Run | Scr Mat Min Exi Min Mat Sto Fac Fac Low Low Zio Pro Fac Upp Upp War Pro Fac Upp Upp Zhi Pro Res Combat Hostiles Destroyed 497 | . 21 13 . 1 33 17 49 19 14 15 . 14 83 21 16 18 28 53 10 7 . 14 51 Melee 2 | . . . . . . . . . . . . . 2 . . . . . . . . . . Guns 474 | . 20 4 . 1 24 15 49 19 14 15 . 14 81 21 16 18 28 53 10 7 . 14 51 Cannons 15 | . 1 3 . . 9 2 . . . . . . . . . . . . . . . . . AOE 6 | . . 6 . . . . . . . . . . . . . . . . . . . . . Classes Destroyed 22 | 2 4 1 . . 4 1 4 . . . . 1 1 . . 3 . . 1 . . . . Worker 8 | . . . . . . 1 5 . . . . . 1 . . . . . . . . . 1 Builder 9 | . . . . . 1 . 2 . . . . . 4 . . . . 1 . . . . 1 Tunneler 4 | 2 . . . . . . 2 . . . . . . . . . . . . . . . . Hauler 10 | . 1 . . . 4 4 . . . . . . 1 . . . . . . . . . . Recycler 13 | 1 . . . . . 1 4 1 . . . . 1 . . . . 1 . . . . 4 Operator 1 | . . . . . 1 . . . . . . . . . . . . . . . . . . Watcher 3 | . 1 . . . . . . . . . . . . . . . . 2 . . . . . Swarmer 110 | . 6 6 . . 8 3 9 . 1 4 . 10 10 4 4 . 13 21 1 1 . 9 . Saboteur 4 | . . . . . . . . . . . . . 3 . . . . . . . . . 1 Grunt 184 | . 15 . . 1 15 6 21 11 9 10 . 3 38 10 8 6 3 9 3 . . 5 11 Brawler 19 | . . . . . . . 4 . . . . . 4 1 1 1 1 2 2 1 . . 2 Duelist 24 | . . . . . . . 1 1 3 1 . . 5 2 1 . 4 2 2 . . . 2 Protector 3 | . . . . . . . 2 . . . . . 1 . . . . . . . . . . Sentry 46 | . . . . . 9 7 4 2 1 1 . . 6 1 1 . 1 5 1 1 . . 6 Demolisher 3 | . . . . . . . . . . . . . . . . 3 . . . . . . . Specialist 2 | . . . . . . . . . . . . . . . . 1 . . . . . . 1 Hunter 29 | . . . . . 1 1 3 . . . . . 3 2 . . 2 . . 4 . . 13 Programmer 61 | . . . . . . . 6 5 . . . . 13 1 . 2 4 14 . . . . 16 Behemoth 2 | . . . . . . . . . . . . 1 . . 1 . . . . . . . . Executioner 2 | . . . . . . . . . . . . . . . . 2 . . . . . . . Assembled 7 | . . 7 . . . . . . . . . . . . . . . . . . . . . Thug 1 | . . . . . . . . . . . . . . . . 1 . . . . . . . Bouncer 1 | . . . . . . . . . . . . . . . . 1 . . . . . . . Marauder 1 | . . . . . . . . . . . . . . . . 1 . . . . . . . Mutant 1 | . . . . . . . . . . . . . . . . . . . 1 . . . . Best Kill Streak 14 | 2 5 7 . 1 4 4 14 4 11 11 . 5 8 8 5 9 5 9 9 3 . 7 10 Combat Bots Only 12 | . 5 7 . 1 4 3 12 4 11 11 . 5 8 8 5 9 5 9 9 3 . 7 9 Max Kills in Single Turn 6 | 1 1 6 . 1 2 2 5 1 2 2 . 2 3 2 2 2 3 4 3 1 . 2 2 Gunslinging 2 | . . . . . 1 . 1 . 1 1 . 1 1 1 1 1 2 2 1 . . 1 1 Exploded 6 | . . 6 . . . . . . . . . . . . . . . . . . . . . Melee 1 | . . . . . . . . . . . . . 1 . . . . . . . . . . Uniques/NPCs Destroyed . | . . . . . . . . . . . . . . . . . . . . . . . . Combat | -11 -10 -10 -10 -9 -8 -8 -7 -6 -6 -6 -6 -5 -5 -5 -5 -5 -4 -4 -4 -4 -4 -3 -3 -------- Run | Scr Mat Min Exi Min Mat Sto Fac Fac Low Low Zio Pro Fac Upp Upp War Pro Fac Upp Upp Zhi Pro Res Damage Taken 12497 | . 680 280 . . 1510 359 711 617 341 332 . 402 2591 231 269 848 524 1115 82 48 . 136 1421 Core 8135 | . 493 207 . . 1004 221 494 387 224 211 . 274 1654 155 169 544 337 684 55 28 . 78 916 Absorbed by Shields 2388 | . . . . . . 84 144 12 . . . 48 620 80 108 148 156 192 36 48 . 120 592 Reduced by Siege Mode 54 | . . . . . . . . . . . . . 8 . 1 1 3 9 . . . . 32 Redirected to Core 7478 | . 371 172 . . 825 209 472 367 204 178 . 215 1583 144 169 538 320 664 55 28 . 78 886 Core Remaining (%) 95 | 100 . . . 80 . 100 100 . . . . 88 . . . . 100 . . . . 100 . Volleys Fired 943 | 7 67 18 . 3 83 36 99 44 19 24 2 21 166 32 29 34 36 85 7 19 . 17 95 Largest 6 | 1 2 2 . 2 4 5 5 5 5 5 5 5 5 5 5 5 5 6 6 6 . 5 6 Hottest 198 | 50 70 68 . 58 198 198 125 125 125 125 125 125 125 125 125 125 125 170 170 170 . 125 170 Shots Fired 4161 | 7 134 32 . 6 224 143 492 207 95 120 10 105 792 160 145 170 180 427 40 96 . 85 491 Gun 4042 | 7 130 13 . 3 155 119 492 207 95 120 10 105 792 160 145 170 180 427 40 96 . 85 491 Cannon 118 | . 4 18 . 3 69 24 . . . . . . . . . . . . . . . . . Launcher 1 | . . 1 . . . . . . . . . . . . . . . . . . . . . Special . | . . . . . . . . . . . . . . . . . . . . . . . . Kinetic 3973 | . 71 31 . 6 155 119 492 207 95 120 10 105 792 160 145 170 180 425 35 95 . 85 475 Thermal 163 | 7 63 . . . 69 24 . . . . . . . . . . . . . . . . . Explosive 1 | . . 1 . . . . . . . . . . . . . . . . . . . . . Electromagnetic . | . . . . . . . . . . . . . . . . . . . . . . . . Entropic 24 | . . . . . . . . . . . . . . . . . . 2 5 1 . . 16 Robot Hit Streak 63 | 2 16 3 . 3 25 22 27 20 12 19 5 17 51 25 31 24 46 62 21 39 . 18 63 Robot Miss Streak 9 | 1 4 3 . 1 3 1 9 3 2 5 1 4 3 2 2 4 2 2 1 2 . 5 4 Penetration Max 1 | . . . . . . . . . . . . . . . . . . 1 1 . . . 1 Secondary Targets 133 | . 1 . . . 2 . 15 1 8 6 . 8 22 7 4 7 12 17 2 1 . 6 14 Max Gunslinging Chain 2 | . 1 . . . 1 . 2 1 1 1 . 2 1 1 2 1 2 2 1 1 . 1 1 Shots Hit Robots 2996 | 4 93 14 . 4 162 97 320 145 70 89 8 70 590 116 110 119 129 317 35 67 4 63 370 Core Hits 1111 | 4 41 15 . 1 65 37 121 50 32 31 2 24 201 42 33 47 52 109 21 15 1 29 138 Critical Hits 173 | . 1 . . . . . 4 4 . . . 1 6 . . 15 17 39 6 7 . 10 63 Critical Kills 61 | . 1 . . . . . 2 1 . . . 1 2 . . 5 5 15 1 1 . 6 21 Critical Parts Destroyed 99 | . . . . . . . 2 3 . . . . 3 . . 5 11 19 5 6 . 4 41 Melee Attacks 41 | . . . . . 1 . 1 5 . 1 1 . 14 . . 3 . 4 1 . 4 . 6 Impact . | . . . . . . . . . . . . . . . . . . . . . . . . Slashing 36 | . . . . . 1 . 1 5 . 1 1 . 14 . . 2 . 4 1 . 4 . 2 Piercing . | . . . . . . . . . . . . . . . . . . . . . . . . Entropic 5 | . . . . . . . . . . . . . . . . 1 . . . . . . 4 Sneak Attacks . | . . . . . . . . . . . . . . . . . . . . . . . . Combat Hostiles . | . . . . . . . . . . . . . . . . . . . . . . . . Follow-up Attacks . | . . . . . . . . . . . . . . . . . . . . . . . . Damage Inflicted 66537 | 63 1034 552 . 52 2974 1759 7061 3058 1384 1904 272 1560 13278 2286 2464 2817 2945 7595 1030 1028 534 1360 9527 Guns 62604 | 63 978 102 . 35 1727 1417 6312 3058 1384 1904 111 1560 13079 2286 2464 2817 2945 7417 1030 1028 . 1360 9527 Cannons 1817 | . 56 155 . 17 1247 342 . . . . . . . . . . . . . . . . . Explosions 1222 | . . 295 . . . . 749 . . . . . . . . . . 178 . . . . . Melee 894 | . . . . . . . . . . . 161 . 199 . . . . . . . 534 . . Ramming . | . . . . . . . . . . . . . . . . . . . . . . . . Kinetic 60795 | . 380 257 . 52 1727 1417 6312 3058 1384 1904 111 1560 13079 2286 2464 2817 2945 7281 710 982 . 1360 8709 Thermal 3233 | 63 654 . . . 1247 342 749 . . . . . . . . . . 178 . . . . . Explosive 295 | . . 295 . . . . . . . . . . . . . . . . . . . . . Electromagnetic . | . . . . . . . . . . . . . . . . . . . . . . . . Impact . | . . . . . . . . . . . . . . . . . . . . . . . . Slashing 894 | . . . . . . . . . . . 161 . 199 . . . . . . . 534 . . Piercing . | . . . . . . . . . . . . . . . . . . . . . . . . Entropic 1320 | . . . . . . . . . . . . . . . . . . 136 320 46 . . 818 Highest Corruption 6 | . 1 1 1 1 . . 2 1 1 1 . . 1 . . 6 . 3 . . . . 1 Average Corruption 1 | . 1 1 1 1 . . 1 1 1 1 . . 1 . . 4 . 1 . . . . 1 Corruption Purged 11 | . . . . . . . . . . 1 . . 1 . . . . 7 . . . . 2 Effects 62 | . . 5 1 1 . . 29 . 13 2 . . 1 . . . . 5 . . . . 5 Message Errors 18 | . . 1 1 . . . 10 . 5 . . . . . . . . . . . . . 1 Heat Flow Errors 2 | . . . . . . . 1 . . . . . . . . . . 1 . . . . . Energy Discharges 11 | . . . . . . . 4 . 3 1 . . . . . . . 3 . . . . . Data Loss (minor) 9 | . . 2 . 1 . . 3 . 2 . . . 1 . . . . . . . . . . Targeting Errors 21 | . . 1 . . . . 11 . 3 1 . . . . . . . 1 . . . . 4 Weapon Failures 1 | . . 1 . . . . . . . . . . . . . . . . . . . . . Overload Shots . | . . . . . . . . . . . . . . . . . . . . . . . . Overflow Damage 661 | . . 12 . . 48 . 341 . . . 146 . . . . . . 68 . . 46 . . Projectiles 60 | . . 12 . . 48 . . . . . . . . . . . . . . . . . . Explosions 409 | . . . . . . . 341 . . . . . . . . . . 68 . . . . . Melee 192 | . . . . . . . . . . . 146 . . . . . . . . . 46 . . Knockbacks 6 | . 1 5 . . . . . . . . . . . . . . . . . . . . . Impact . | . . . . . . . . . . . . . . . . . . . . . . . . Kinetic 4 | . 1 3 . . . . . . . . . . . . . . . . . . . . . Secondary 2 | . . 2 . . . . . . . . . . . . . . . . . . . . . Self-Inflicted Damage 231 | . . 43 . . . . 38 . . . . . . . . . . 150 . . . . . Shots 5 | . . 2 . . . . 1 . . . . . . . . . . 2 . . . . . Rammed . | . . . . . . . . . . . . . . . . . . . . . . . . Targets Rammed . | . . . . . . . . . . . . . . . . . . . . . . . . Kicked . | . . . . . . . . . . . . . . . . . . . . . . . . Crushed . | . . . . . . . . . . . . . . . . . . . . . . . . Highest Temperature 208 | 50 12 . . . 199 194 199 196 198 208 60 175 194 190 183 198 174 197 181 165 . 174 179 Average Temperature 87 | 19 3 . . . 94 76 91 79 111 122 60 104 80 93 102 80 93 90 96 85 . 82 90 Received Heat Transfer 2628 | . 270 . . . 504 98 131 159 159 102 . 120 614 32 67 63 37 86 12 . . 7 167 Siege Activations 52 | . . . . . . . . . . . . . 10 3 4 2 4 13 1 3 . 1 11 Total Turns 484 | . . . . . . . . . . . . . 184 20 24 6 16 117 6 14 . 3 94 Longest Duration 39 | . . . . . . . . . . . . . 39 10 8 5 8 23 6 7 . 3 22 Robots Corrupted . | . . . . . . . . . . . . . . . . . . . . . . . . Combat Hostiles . | . . . . . . . . . . . . . . . . . . . . . . . . Parts Fried 3 | . . . . . . . . . . . . . . . . 1 . 1 . 1 . . . Impact Corruptions 1 | . . 1 . . . . . . . . . . . . . . . . . . . . . Robots Melted . | . . . . . . . . . . . . . . . . . . . . . . . . Combat Hostiles . | . . . . . . . . . . . . . . . . . . . . . . . . Parts Melted 9 | 1 5 . . 1 1 . . . . . . . . . . . . . . . . . 1 Heat Transferred 4855 | 185 1850 . . . 1739 481 500 . . . . . . . . . . 100 . . . . . Parts Sabotaged 1 | . . . . . . . . . . . . . 1 . . . . . . . . . . Parts Stolen . | . . . . . . . . . . . . . . . . . . . . . . . . Parts Stripped . | . . . . . . . . . . . . . . . . . . . . . . . . Power Chain Reactions . | . . . . . . . . . . . . . . . . . . . . . . . . Missiles Intercepted . | . . . . . . . . . . . . . . . . . . . . . . . . Alert | -11 -10 -10 -10 -9 -8 -8 -7 -6 -6 -6 -6 -5 -5 -5 -5 -5 -4 -4 -4 -4 -4 -3 -3 ------- Run | Scr Mat Min Exi Min Mat Sto Fac Fac Low Low Zio Pro Fac Upp Upp War Pro Fac Upp Upp Zhi Pro Res Peak Influence 1673 | 15 311 248 . 56 357 485 1673 882 . . . . 1507 . . . . 939 . . . . 988 Average Influence 441 | 10 142 123 . 41 144 251 600 360 . . . . 714 . . . . 454 . . . . 563 Maximum Alert Level 5 | . 1 1 . . 1 2 5 3 . . . . 4 . . . . 3 . . . . 3 Low Security (%) 32 | 100 81 90 . 100 70 28 17 36 . . . . 22 . . . . 13 . . . . . Level 1 25 | . 18 9 . . 29 59 40 34 . . . . 10 . . . . 22 . . . . 11 Level 2 18 | . . . . . . 12 5 3 . . . . 8 . . . . 53 . . . . 65 Level 3 15 | . . . . . . . 16 26 . . . . 31 . . . . 11 . . . . 23 Level 4 6 | . . . . . . . 8 . . . . . 27 . . . . . . . . . . Level 5 1 | . . . . . . . 11 . . . . . . . . . . . . . . . . High Security . | . . . . . . . . . . . . . . . . . . . . . . . . Max Security . | . . . . . . . . . . . . . . . . . . . . . . . . Squads Dispatched 98 | . 6 . . . 5 5 20 8 . . . . 23 . . . 1 12 . 1 . . 17 Investigation 19 | . 4 . . . 1 2 3 3 . . . . 3 . . . . 1 . 1 . . 1 Extermination 29 | . . . . . . . 6 3 . . . . 7 . . . . 7 . . . . 6 Reinforcement 22 | . 2 . . . 4 3 4 1 . . . . 4 . . . . . . . . . 4 Assault 20 | . . . . . . . 5 1 . . . . 9 . . . 1 1 . . . . 3 Garrison 8 | . . . . . . . 2 . . . . . . . . . . 3 . . . . 3 Intercept . | . . . . . . . . . . . . . . . . . . . . . . . . Construction Impeded 3 | . . . . . . . 2 . . . . . . . . . . . . . . . 1 Haulers Reinforced . | . . . . . . . . . . . . . . . . . . . . . . . . Stealth | -11 -10 -10 -10 -9 -8 -8 -7 -6 -6 -6 -6 -5 -5 -5 -5 -5 -4 -4 -4 -4 -4 -3 -3 --------- Run | Scr Mat Min Exi Min Mat Sto Fac Fac Low Low Zio Pro Fac Upp Upp War Pro Fac Upp Upp Zhi Pro Res Distress Signals 23 | . 1 . . . 3 5 . . . . . . 8 . . 1 . 4 . . . . 1 Communications Jammed . | . . . . . . . . . . . . . . . . . . . . . . . . Distress Signals . | . . . . . . . . . . . . . . . . . . . . . . . . Times Spotted 675 | . 35 13 . 1 59 30 69 31 14 15 1 15 128 20 17 35 28 66 10 14 . 14 60 Peak Tracking Total 12 | . 7 7 . 1 6 3 7 4 7 11 1 5 10 7 5 12 6 11 9 5 . 4 10 Tactical Retreats 27 | . 1 1 . . 4 1 3 3 . . . 1 7 . 1 2 . 1 . . . 1 1 Traps | -11 -10 -10 -10 -9 -8 -8 -7 -6 -6 -6 -6 -5 -5 -5 -5 -5 -4 -4 -4 -4 -4 -3 -3 ------- Run | Scr Mat Min Exi Min Mat Sto Fac Fac Low Low Zio Pro Fac Upp Upp War Pro Fac Upp Upp Zhi Pro Res Traps Triggered 13 | . 2 . . . 1 2 2 . . . . . 3 . . . . 3 . . . . . Indirectly . | . . . . . . . . . . . . . . . . . . . . . . . . Trap Hack Attempts . | . . . . . . . . . . . . . . . . . . . . . . . . Triggered . | . . . . . . . . . . . . . . . . . . . . . . . . Disarmed 6 | . . . . . 6 . . . . . . . . . . . . . . . . . . Reprogrammed 22 | . . . . . . 4 . . . . . . 6 . . . . 12 . . . . . Reused 111 | . . . . . . . . . . . . . 1 . . . . 110 . . . . . Traps Extracted . | . . . . . . . . . . . . . . . . . . . . . . . . Installed 5 | . . . . . . . . . . . . . . 3 . . . . . . . 2 . Triggered 123 | . . . . . . . . . . . . . 1 2 . 8 . 110 2 . . . . Machines | -11 -10 -10 -10 -9 -8 -8 -7 -6 -6 -6 -6 -5 -5 -5 -5 -5 -4 -4 -4 -4 -4 -3 -3 ---------- Run | Scr Mat Min Exi Min Mat Sto Fac Fac Low Low Zio Pro Fac Upp Upp War Pro Fac Upp Upp Zhi Pro Res Machines Disabled 37 | . . 2 . . 1 4 16 . . 1 . . 6 . . . . 4 2 . . 1 . Max in Single Turn 15 | . . 2 . . 1 1 15 . . 1 . . 2 . . . . 2 1 . . 1 . Machines Sabotaged . | . . . . . . . . . . . . . . . . . . . . . . . . Garrisons Compromised . | . . . . . . . . . . . . . . . . . . . . . . . . Overloaded Fab Kills . | . . . . . . . . . . . . . . . . . . . . . . . . Fab Network Shutdowns 3 | . . . . . . . 1 . . . . . 1 . . . . 1 . . . . . Hacking | -11 -10 -10 -10 -9 -8 -8 -7 -6 -6 -6 -6 -5 -5 -5 -5 -5 -4 -4 -4 -4 -4 -3 -3 --------- Run | Scr Mat Min Exi Min Mat Sto Fac Fac Low Low Zio Pro Fac Upp Upp War Pro Fac Upp Upp Zhi Pro Res Machines Accessed 126 | . 8 1 1 . 14 17 17 10 . 2 1 . 20 . 1 2 . 16 . 2 5 . 9 Terminals 83 | . 6 1 . . 9 14 9 8 . 1 . . 13 . 1 . . 12 . 1 . . 8 Fabricators 13 | . . . . . . . 4 2 . . . . 4 . . . . 3 . . . . . Repair Stations 3 | . . . . . 1 1 . . . . . . 1 . . . . . . . . . . Recycling Units 5 | . 2 . . . 1 1 1 . . . . . . . . . . . . . . . . Scanalyzers 3 | . . . . . 2 . 1 . . . . . . . . . . . . . . . . Garrison Access 8 | . . . . . 1 1 2 . . . . . 2 . . . . 1 . . . . 1 Total Hacks 521 | . 24 5 1 . 54 55 67 56 . 16 3 . 84 . 15 6 . 72 . 6 18 . 39 Successful 311 | . 15 2 1 . 33 37 36 31 . 13 3 . 37 . 6 6 . 50 . 5 18 . 18 Failed 205 | . 8 3 . . 20 17 31 24 . 3 . . 47 . 9 . . 21 . 1 . . 21 Catastrophic 32 | . . 1 . . 4 3 6 3 . . . . 7 . 1 . . 3 . . . . 4 Database Lockouts 5 | . 1 . . . 1 1 . 1 . . . . . . . . . 1 . . . . . Manual 309 | . 12 5 1 . 27 39 41 25 . 6 . . 53 . 14 . . 55 . 3 . . 28 Terminals 377 | . 18 5 . . 39 51 37 46 . 15 . . 49 . 15 . . 61 . 5 . . 36 Fabricators 64 | . . . . . . . 19 10 . . . . 25 . . . . 10 . . . . . Repair Stations 14 | . . . . . 6 2 . . . . . . 6 . . . . . . . . . . Recycling Units 12 | . 6 . . . 4 1 1 . . . . . . . . . . . . . . . . Scanalyzers 7 | . . . . . 4 . 3 . . . . . . . . . . . . . . . . Garrison Access 17 | . . . . . 1 1 7 . . . . . 4 . . . . 1 . . . . 3 Terminal Hacks 160 | . 5 2 1 . 12 19 10 14 . 13 3 . 12 . 6 6 . 26 . 5 18 . 8 Record 18 | . . . . . . . . . . 9 . . . . 1 . . . . 2 6 . . Part Schematic 21 | . . . . . . 1 2 1 . . 3 . 3 . . . . 6 . . 4 . 1 Robot Schematic 3 | . . 1 . . . 1 . . . . . . . . . . . 1 . . . . . Robot Analysis 31 | . 2 1 . . 4 2 5 2 . 3 . . 3 . . . . 3 . . 4 . 2 Prototype ID Bank 18 | . 2 . . . 2 1 1 2 . . . . . . . 5 . 1 . . 4 . . Open Door 8 | . . . . . . 5 . . . 1 . . . . . 1 . . . 1 . . . Terminal Index 2 | . . . . . . . . 1 . . . . . . . . . . . . . . 1 Fabricator Index 2 | . . . . . . . . 1 . . . . . . . . . . . . . . 1 Alert Level 4 | . . . . . . 1 . . . . . . . . . . . 3 . . . . . Unreport Threat 34 | . 1 . . . 2 4 1 5 . . . . 5 . 5 . . 7 . 2 . . 2 Locate Traps 2 | . . . . . 1 1 . . . . . . . . . . . . . . . . . Disarm Traps 1 | . . . . . 1 . . . . . . . . . . . . . . . . . . Reprogram Traps 4 | . . . . . . 1 . . . . . . 1 . . . . 2 . . . . . Recall Investigation 4 | . . . . . 1 1 . 1 . . . . . . . . . 1 . . . . . Recall Extermination 1 | . . . . . . . . . . . . . . . . . . 1 . . . . . Hauler Manifests 6 | . . . . . 1 1 1 1 . . . . . . . . . 1 . . . . 1 EX-Prototype ID Bank 1 | . . . 1 . . . . . . . . . . . . . . . . . . . . Fabricator Hacks 36 | . . . . . . . 10 7 . . . . 12 . . . . 7 . . . . . Load Schematic 16 | . . . . . . . 4 3 . . . . 6 . . . . 3 . . . . . Build 20 | . . . . . . . 6 4 . . . . 6 . . . . 4 . . . . . Repair Station Hacks 10 | . . . . . 6 2 . . . . . . 2 . . . . . . . . . . Scan Component 5 | . . . . . 3 1 . . . . . . 1 . . . . . . . . . . Repair 5 | . . . . . 3 1 . . . . . . 1 . . . . . . . . . . Recycling Unit Hacks 8 | . 3 . . . 3 1 1 . . . . . . . . . . . . . . . . Report Inventory 2 | . . . . . 1 . 1 . . . . . . . . . . . . . . . . Retrieve Components 6 | . 3 . . . 2 1 . . . . . . . . . . . . . . . . . Scanalyzer 7 | . . . . . 4 . 3 . . . . . . . . . . . . . . . . Insert Component 4 | . . . . . 2 . 2 . . . . . . . . . . . . . . . . Analyze 3 | . . . . . 2 . 1 . . . . . . . . . . . . . . . . Garrison Access Hacks . | . . . . . . . . . . . . . . . . . . . . . . . . Unauthorized Hacks 90 | . 7 . . . 8 15 12 10 . . . . 11 . . . . 17 . . . . 10 Terminals 71 | . 7 . . . 7 14 6 10 . . . . 6 . . . . 13 . . . . 8 Assimilate 7 | . . . . . . . . 2 . . . . 1 . . . . 1 . . . . 3 Botnet 57 | . 5 . . . 5 12 6 8 . . . . 5 . . . . 11 . . . . 5 Disrupt 4 | . 1 . . . 1 1 . . . . . . . . . . . 1 . . . . . Operators 3 | . 1 . . . 1 1 . . . . . . . . . . . . . . . . . Fabricators 10 | . . . . . . . 3 . . . . . 4 . . . . 3 . . . . . Report 2 | . . . . . . . 1 . . . . . 1 . . . . . . . . . . Siphon 8 | . . . . . . . 2 . . . . . 3 . . . . 3 . . . . . Repair Stations . | . . . . . . . . . . . . . . . . . . . . . . . . Recycling Units . | . . . . . . . . . . . . . . . . . . . . . . . . Scanalyzers . | . . . . . . . . . . . . . . . . . . . . . . . . Garrison Access 9 | . . . . . 1 1 3 . . . . . 1 . . . . 1 . . . . 2 Reprogram 9 | . . . . . 1 1 3 . . . . . 1 . . . . 1 . . . . 2 Data Cores Recovered . | . . . . . . . . . . . . . . . . . . . . . . . . Used . | . . . . . . . . . . . . . . . . . . . . . . . . Hacking Detections 97 | . 5 1 . . 11 15 15 9 . 1 . . 18 . 1 . . 11 . 1 . . 9 Full Trace Events 14 | . 3 1 . . . 1 2 2 . . . . 3 . . . . . . 1 . . 1 Feedback Events 2 | . 1 . . . . . . . . . . . . . . . . . . . . . 1 Corruption 2 | . 1 . . . . . . . . . . . . . . . . . . . . . 1 Feedback Blocked . | . . . . . . . . . . . . . . . . . . . . . . . . Robot Schematics Acquired 3 | . . 1 . . . 1 . . . . . . . . . . . 1 . . . . . Robots Built 9 | . . . . . . . 3 1 . . . . 4 . . . . 1 . . . . . Matter 1751 | . . . . . . . 657 219 . . . . 711 . . . . 164 . . . . . Time 754 | . . . . . . . 348 58 . . . . 290 . . . . 58 . . . . . Total Robot Build Rating 27 | . . . . . . . 9 3 . . . . 12 . . . . 3 . . . . . Part Schematics Acquired 24 | . . . . . 2 1 3 1 . . 3 . 3 . . . . 6 . . 4 . 1 Parts Built 11 | . . . . . . . 1 3 . . . . 2 . . . . 5 . . . . . Matter 1999 | . . . . . . . 168 592 . . . . 498 . . . . 741 . . . . . Time 774 | . . . . . . . 42 190 . . . . 152 . . . . 390 . . . . . Total Part Build Rating 70 | . . . . . . . 4 16 . . . . 10 . . . . 40 . . . . . Parts Repaired 5 | . . . . . 3 1 . . . . . . 1 . . . . . . . . . . Time 162 | . . . . . 108 38 . . . . . . 16 . . . . . . . . . . Parts Recycled . | . . . . . . . . . . . . . . . . . . . . . . . . Recycled Matter . | . . . . . . . . . . . . . . . . . . . . . . . . Retrieved Matter . | . . . . . . . . . . . . . . . . . . . . . . . . Retrieved Components 39 | . 20 . . . 10 9 . . . . . . . . . . . . . . . . . Parts Scanalyzed 3 | . . . . . 2 . 1 . . . . . . . . . . . . . . . . Part Schematics Acquired 3 | . . . . . 2 . 1 . . . . . . . . . . . . . . . . Parts Damaged . | . . . . . . . . . . . . . . . . . . . . . . . . Bothacking | -11 -10 -10 -10 -9 -8 -8 -7 -6 -6 -6 -6 -5 -5 -5 -5 -5 -4 -4 -4 -4 -4 -3 -3 ------------ Run | Scr Mat Min Exi Min Mat Sto Fac Fac Low Low Zio Pro Fac Upp Upp War Pro Fac Upp Upp Zhi Pro Res Used RIF Installer . | . . . . . . . . . . . . . . . . . . . . . . . . Robots Hacked . | . . . . . . . . . . . . . . . . . . . . . . . . Non-combat . | . . . . . . . . . . . . . . . . . . . . . . . . Combat . | . . . . . . . . . . . . . . . . . . . . . . . . Robot Hacks Applied . | . . . . . . . . . . . . . . . . . . . . . . . . Relay Couplers Released 1 | . . . . . . . 1 . . . . . . . . . . . . . . . . Programmers 1 | . . . . . . . 1 . . . . . . . . . . . . . . . . Robots Rewired 11 | . . . . . . . . . 2 . . . . 2 . . 1 . 6 . . . . Allies Hacked 6 | . . . . . . . 4 1 . . . . . . . . . 1 . . . . . Hacks Repelled 1 | . . . . . . . . 1 . . . . . . . . . . . . . . . Allies | -11 -10 -10 -10 -9 -8 -8 -7 -6 -6 -6 -6 -5 -5 -5 -5 -5 -4 -4 -4 -4 -4 -3 -3 -------- Run | Scr Mat Min Exi Min Mat Sto Fac Fac Low Low Zio Pro Fac Upp Upp War Pro Fac Upp Upp Zhi Pro Res Total Allies 51 | . . . . 2 1 13 9 3 2 . . . 5 2 . . 1 4 6 . . . 3 Largest Group 13 | . . . . 2 2 13 12 3 2 2 . . 2 4 4 3 1 3 9 9 8 8 7 Highest-Rated Group 416 | . . . . 43 43 221 205 78 59 59 . . 52 112 112 82 32 138 416 416 365 365 319 Highest-Rated Ally 56 | . . . . 31 31 29 38 26 30 30 . . 26 30 30 30 32 56 56 56 56 56 56 Total Orders 214 | . . . . . . 15 27 20 . . . . 31 15 13 6 . 19 4 8 1 9 46 STAY 29 | . . . . . . 1 1 3 . . . . 3 4 2 1 . 3 2 2 1 3 3 GOTO 102 | . . . . . . 13 13 10 . . . . 16 5 4 2 . 7 . 2 . 2 28 FOLLOW 83 | . . . . . . 1 13 7 . . . . 12 6 7 3 . 9 2 4 . 4 15 Ally Attacks 258 | . . . . 7 7 48 76 . . 2 . . . . 9 . 3 1 7 29 . 15 54 Total Damage 5078 | . . . . 106 126 692 1044 . . 38 . . . . 219 . 16 31 386 750 . 286 1384 Kills 43 | . . . . 1 3 8 13 . . . . . . . 1 . . 1 . 9 . 3 4 Allies Corrupted 7 | . . . . . . . . 1 . . . . 1 . . 5 . . . . . . . Allies Melted . | . . . . . . . . . . . . . . . . . . . . . . . . Intel | -11 -10 -10 -10 -9 -8 -8 -7 -6 -6 -6 -6 -5 -5 -5 -5 -5 -4 -4 -4 -4 -4 -3 -3 ------- Run | Scr Mat Min Exi Min Mat Sto Fac Fac Low Low Zio Pro Fac Upp Upp War Pro Fac Upp Upp Zhi Pro Res Robot Analysis Total 31 | . 2 1 . . 4 2 5 2 . 3 . . 3 . . . . 3 . . 4 . 2 Derelict Logs Recovered 10 | . . . . . . . . . 1 2 1 1 . 1 1 . 1 . . 2 . . . Drone Launches 48 | . . . . . . 16 . . . . . . 19 . 2 . . . . . . . 11 Drone Recoveries . | . . . . . . . . . . . . . . . . . . . . . . . . Exploration | -11 -10 -10 -10 -9 -8 -8 -7 -6 -6 -6 -6 -5 -5 -5 -5 -5 -4 -4 -4 -4 -4 -3 -3 ------------- Run | Scr Mat Min Exi Min Mat Sto Fac Fac Low Low Zio Pro Fac Upp Upp War Pro Fac Upp Upp Zhi Pro Res Turns Passed 32138 | 111 1196 657 332 288 2563 1872 3225 1844 1158 979 1715 1359 4307 1052 729 837 738 3098 525 597 359 478 2119 Spaces Moved 16504 | 68 556 369 207 168 999 875 1694 951 666 556 1013 690 1985 566 423 445 361 1565 325 376 231 283 1132 Core 27 | 26 1 . . . . . . . . . . . . . . . . . . . . . . Treads 16457 | 22 555 369 207 168 999 875 1694 951 666 556 1013 690 1985 566 423 445 361 1565 325 376 231 283 1132 Legs . | . . . . . . . . . . . . . . . . . . . . . . . . Wheels 20 | 20 . . . . . . . . . . . . . . . . . . . . . . . Hover . | . . . . . . . . . . . . . . . . . . . . . . . . Flight . | . . . . . . . . . . . . . . . . . . . . . . . . Fastest Speed 50 | 50 150 160 160 160 157 145 145 145 165 165 165 165 152 152 152 152 172 145 145 145 145 145 145 Average Speed 156 | 117 159 160 160 160 165 164 150 154 165 165 165 165 159 166 152 159 172 147 145 145 145 145 145 Slowest Speed 225 | 160 160 160 160 160 177 185 165 165 165 165 165 165 173 205 152 172 225 172 145 145 165 145 145 Overloaded Moves . | . . . . . . . . . . . . . . . . . . . . . . . . Propulsion Burnouts . | . . . . . . . . . . . . . . . . . . . . . . . . Robots Hopped . | . . . . . . . . . . . . . . . . . . . . . . . . Cave-ins Triggered . | . . . . . . . . . . . . . . . . . . . . . . . . Teleports 1 | . . . . . . . . . . . . . . . . . . . . . 1 . . Exploration Rate (%) 63 | 4 84 68 61 68 90 90 49 28 89 69 85 95 56 82 79 67 63 43 61 57 60 50 35 Regions Visited 23 Branch Regions 16 Pre-discovered Areas 6 | . . 1 . . . 1 . . . . . . . . . . . . . 1 3 . . Known Exits Taken 4 | . . . . . . . . . . . 1 1 1 1 . . . . . . . . . Unknown Exits Taken 19 | 1 1 1 1 1 1 1 1 1 1 1 . . . . 1 1 1 1 1 1 1 1 . Scrap Searched 31 | . . 1 . 1 . . . . 4 3 5 3 . 3 2 . 2 . 3 2 . 2 . Spaces Dug 28 | . . . . . 1 . 1 4 . . . . 8 . . 3 . 4 1 . . . 6 Terrain Destroyed 238 | . . 37 . . 17 5 31 4 . 1 . . 61 . . 7 2 40 7 10 . . 16 Melee 28 | . . . . . 1 . 1 4 . . . . 8 . . 3 . 4 1 . . . 6 Projectile 54 | . . . . . 16 5 . . . 1 . . . . . 4 2 . 6 10 . . 10 AOE 156 | . . 37 . . . . 30 . . . . . 53 . . . . 36 . . . . . Actions | -11 -10 -10 -10 -9 -8 -8 -7 -6 -6 -6 -6 -5 -5 -5 -5 -5 -4 -4 -4 -4 -4 -3 -3 --------- Run | Scr Mat Min Exi Min Mat Sto Fac Fac Low Low Zio Pro Fac Upp Upp War Pro Fac Upp Upp Zhi Pro Res Total 21971 | 88 741 402 207 182 1741 1266 2310 1292 715 605 1054 901 3026 665 499 553 463 2317 373 420 248 344 1559 Wait 3381 | 5 63 5 . 8 537 272 438 240 . . 31 172 636 24 25 4 31 566 10 22 . 33 259 Move 16481 | 67 555 368 206 167 998 874 1693 950 665 555 1012 689 1984 565 422 444 360 1564 324 375 230 282 1132 Hop . | . . . . . . . . . . . . . . . . . . . . . . . . Pick Up 56 | . 2 1 . . 6 3 6 3 1 . 1 . 15 6 3 1 1 6 . . . . 1 Fast Attach 120 | 8 12 2 . 1 15 18 7 4 1 1 . 1 16 . . 7 . 9 . . 8 . 10 Attach 14 | . . . . . 4 1 1 . . . . . 3 1 . 1 1 1 . . . . 1 Detach 15 | 1 1 . . . 3 2 1 . . 1 . . 2 . . 3 . 1 . . . . . Swap 104 | . 4 1 1 1 11 6 4 9 1 4 4 3 30 . 1 7 1 10 . . . . 6 Drop 156 | . 11 2 . 2 17 25 11 8 1 2 1 1 28 5 3 6 . 16 . . 6 . 11 Fire 943 | 7 67 18 . 3 83 36 99 44 19 24 2 21 166 32 29 34 36 85 7 19 . 17 95 Melee 41 | . . . . . 1 . 1 5 . 1 1 . 14 . . 3 . 4 1 . 4 . 6 Ram . | . . . . . . . . . . . . . . . . . . . . . . . . Kick . | . . . . . . . . . . . . . . . . . . . . . . . . Crush . | . . . . . . . . . . . . . . . . . . . . . . . . Escape Stasis 4 | . . . . . . 2 2 . . . . . . . . . . . . . . . . Rewire 38 | . . . . . . . . . 9 . . . . 4 . . 3 . 22 . . . . Trap 5 | . . . . . . . . . . . . . . 3 . . . . . . . 2 . Miscellaneous 613 | . 26 5 . . 66 27 47 29 18 17 2 14 132 25 16 43 30 55 9 4 . 10 38 Route ------- -11/Scrapyard -10/Materials (discovered 4 exits: [*Mat x2] / *Min x2) -10/Mines (discovered 3 exits: [*Mat x2] / *Exi) -10/Exiles (discovered 2 exits: [*Min x2]) -9/Mines -8/Materials (discovered 4 exits: *Fac x3 / *Sto) -8/Storage (discovered 2 exits: *Fac / [Rec]) -7/Factory (discovered 4 exits: *Fac x3 / [*Low]) -6/Factory (discovered 3 exits: *Fac / [*Low x2]) -6/Lower Caves -6/Lower Caves (discovered 2 exits: *Fac / *Zio) -6/Zion -5/Proximity Caves -5/Factory (discovered 7 exits: *Fac x3 / *Upp x2 / [*Ext x2]) -5/Upper Caves (discovered 2 exits: *Upp / *War) -5/Upper Caves (discovered 2 exits: *Fac / *War) -5/Warlord -4/Proximity Caves -4/Factory (discovered 5 exits: *Res x3 / [*Upp x2]) -4/Upper Caves -4/Upper Caves (discovered 2 exits: *Res / *Zhi) -4/Zhirov -3/Proximity Caves -3/Research (discovered 2 exits: *Tes x2) History --------- Turn | Location | Event 20 | -11/Scrapyard | Discovered new exit (range 15) 49 | -11/Scrapyard | Upgraded with Propulsion slot (x1) 49 | -11/Scrapyard | Upgraded with Utility slot (x1) 49 | -11/Scrapyard | Upgraded with Weapon slot (x1) 112 | -11/Scrapyard | Entered Materials 303 | -10/Materials | Central database locked down 305 | -10/Materials | Discovered new exit (range 16) 311 | -10/Materials | Build established: Mutant 580 | -10/Materials | Reached level 2 604 | -10/Materials | Upgraded with Utility slot (x1) 772 | -10/Materials | Discovered new exit (range 16) 1131 | -10/Materials | Discovered new exit (range 13) 1276 | -10/Materials | Discovered new exit (range 15) 1308 | -10/Materials | Entered Mines 1310 | -10/Mines | Reached level 3 1315 | -10/Mines | Received a Rocket Launcher from a helpful Derelict 1543 | -10/Mines | Found a damaged Exp. Sensor Array with a note attached 1546 | -10/Mines | Found Prototype Device 1546 | -10/Mines | Identified Exp. Sensor Array 1548 | -10/Mines | Upgraded with Utility slot (x1) 1568 | -10/Mines | Learned location of Storage (-8) 1803 | -10/Mines | Discovered new exit (range 10) 1819 | -10/Mines | Assembled infested the area 1824 | -10/Mines | Assisted by a Guerilla fighting off Assembled 1855 | -10/Mines | Build established: Skirmisher 1856 | -10/Mines | Discovered new exit (range 15) 1936 | -10/Mines | Destroyed 7 combat bots 1951 | -10/Mines | Discovered new exit (range 9) 1958 | -10/Mines | Deemed a non-threat by the Exiles lab entrance 1965 | -10/Mines | Entered Exiles 1986 | -10/Exiles | Discovered new exit (range 15) 2005 | -10/Exiles | Met 8R-AWN 2033 | -10/Exiles | Met EX-HEX 2074 | -10/Exiles | Met EX-BIN 2100 | -10/Exiles | Aligned with FarCom system 2101 | -10/Exiles | Given EX-Vault access code 2138 | -10/Exiles | Opened EX-Vault 2177 | -10/Exiles | Warned to stay clear of 0b10 Research branches 2194 | -10/Exiles | Build established: Mutant 2226 | -10/Exiles | Met EX-DEC 2279 | -10/Exiles | Discovered new exit (range 15) 2297 | -10/Exiles | Entered Mines 2299 | -9/Mines | Reached level 4 2545 | -9/Mines | Found a hidden stash of uninstalled traps 2553 | -9/Mines | Discovered new exit (range 15) 2571 | -9/Mines | Build established: Skirmisher 2585 | -9/Mines | Entered Materials 2585 | -8/Materials | Accompanied by 2 allies 2587 | -8/Materials | Reached level 5 2594 | -8/Materials | Led the pair of lost Derelicts to an unsafe place 2797 | -8/Materials | Core integrity fell below 50% 2802 | -8/Materials | Reached level 6 2858 | -8/Materials | Central database locked down 2869 | -8/Materials | Discovered new exit (range 13) 3582 | -8/Materials | Discovered new exit (range 15) 3657 | -8/Materials | Upgraded with Weapon slot (x1) 3724 | -8/Materials | Reached level 7 4224 | -8/Materials | Upgraded with Weapon slot (x1) 4231 | -8/Materials | Upgraded with Utility slot (x1) 4280 | -8/Materials | Reached level 8 4482 | -8/Materials | Discovered new exit (range 13) 4552 | -8/Materials | Repaired Hrd. Medium Armor Plating 4585 | -8/Materials | Repaired Disposable Heat Sink 4623 | -8/Materials | Repaired Hrd. Medium Armor Plating 4904 | -8/Materials | Discovered new exit (range 10) 4984 | -8/Materials | Upgraded with Utility slot (x1) 5148 | -8/Materials | Entered Storage 5150 | -8/Storage | Reached level 9 5351 | -8/Storage | Upgraded with Utility slot (x1) 5605 | -8/Storage | Reached level 10 5759 | -8/Storage | Upgraded with Weapon slot (x1) 5869 | -8/Storage | Central database locked down 5959 | -8/Storage | Build established: Tank 5972 | -8/Storage | Learned location of Armory (-3) 6032 | -8/Storage | Repaired Missile Launcher 6237 | -8/Storage | Discovered new exit (range 19) 6249 | -8/Storage | Found Prototype Launcher 6249 | -8/Storage | Identified Gui. Missile Launcher 6286 | -8/Storage | Found Gui. Missile Launcher 6386 | -8/Storage | Reached level 11 6522 | -8/Storage | Assisted by bots powering up and referring to "LRC-V3" 6713 | -8/Storage | Discovered new exit (range 15) 6859 | -8/Storage | Reached level 12 6897 | -8/Storage | Build established: Commander-Skirmisher 7020 | -8/Storage | Entered Factory 7020 | -7/Factory | Accompanied by 28 allies 7022 | -7/Factory | Reached level 13 7044 | -7/Factory | Upgraded with Utility slot (x1) 7428 | -7/Factory | Reached level 14 7454 | -7/Factory | Build established: Hacker-Tank 7701 | -7/Factory | Fabricated Kinecellerator? 7807 | -7/Factory | Discovered new exit (range 4) 7828 | -7/Factory | Upgraded with Propulsion slot (x1) 7872 | -7/Factory | Discovered new exit (range 8) 8003 | -7/Factory | Build established: Hacker-Gunner 8130 | -7/Factory | Fabricated O-24 Administrator (x1) 8246 | -7/Factory | Fabricated O-24 Administrator (x1) 8543 | -7/Factory | Reached level 15 8744 | -7/Factory | Fabricated O-24 Administrator (x1) 8888 | -7/Factory | Garrison activated, responded to threat 8898 | -7/Factory | P-60 Hacker assimilated hostile W-25 Informer 9001 | -7/Factory | Local fabrication network quarantined 9049 | -7/Factory | First assault squad dispatched 9059 | -7/Factory | P-60 Hacker assimilated allied H-55 Commando 9149 | -7/Factory | P-60 Hacker assimilated hostile G-47 Trooper 9202 | -7/Factory | Destroyed 7 combat bots 9313 | -7/Factory | Discovered new exit (range 19) 9323 | -7/Factory | Upgraded with Utility slot (x1) 9456 | -7/Factory | Reached level 16 9613 | -7/Factory | Destroyed 12 combat bots 9850 | -7/Factory | Garrison activated, responded to threat 10187 | -7/Factory | Discovered new exit (range 14) 10245 | -7/Factory | Entered another Factory area 10245 | -6/Factory | Accompanied by 2 allies 10247 | -6/Factory | Reached level 17 10512 | -6/Factory | Fabricated Lrn. Terrain Scanner (x1) 10595 | -6/Factory | First assault squad dispatched 10693 | -6/Factory | P-60 Hacker assimilated allied Administrator 4c 10702 | -6/Factory | Reached level 18 10830 | -6/Factory | Discovered new exit (range 14) 10935 | -6/Factory | Discovered new exit (range 20) 11087 | -6/Factory | Found Hvy. Reactive Plating 11156 | -6/Factory | Discovered new exit (range 15) 11221 | -6/Factory | Central database locked down 11630 | -6/Factory | Fabricated Adv. System Shield (x1) 11632 | -6/Factory | Upgraded with Utility slot (x1) 11686 | -6/Factory | Fabricated Adv. System Shield (x1) 11749 | -6/Factory | Fabricated O-24 Administrator (x1) 11806 | -6/Factory | Found Hvy. Reactive Plating 12089 | -6/Factory | Entered Lower Caves 12149 | -6/Lower Caves | Learned Factory stockpile data 12413 | -6/Lower Caves | Reached level 19 12466 | -6/Lower Caves | Destroyed 11 combat bots 12873 | -6/Lower Caves | Encountered a Warlord checkpoint 13135 | -6/Lower Caves | Discovered new exit (range 13) 13247 | -6/Lower Caves | Entered another Lower Caves area 13247 | -6/Lower Caves | Accompanied by 2 allies 13250 | -6/Lower Caves | Discovered new exit (range 20) 13261 | -6/Lower Caves | Learned 12 Factory zone layouts 13836 | -6/Lower Caves | Discovered new exit (range 23) 14020 | -6/Lower Caves | Destroyed 11 combat bots 14053 | -6/Lower Caves | Learned 8 Factory zone layouts 14053 | -6/Lower Caves | Learned 6 Proximity Caves zone layouts 14053 | -6/Lower Caves | Learned Extension trap positions 14053 | -6/Lower Caves | Learned Research security intel 14053 | -6/Lower Caves | Learned Factory terminal intel 14053 | -6/Lower Caves | Learned Extension terminal intel 14053 | -6/Lower Caves | Learned Armory garrison access intel 14185 | -6/Lower Caves | Encountered a Warlord checkpoint 14203 | -6/Lower Caves | Learned Factory emergency access door positions 14226 | -6/Lower Caves | Entered Zion 14227 | -6/Zion | Identified exit to Proximity Caves 14276 | -6/Zion | Given A8's code to call for help 14362 | -6/Zion | Learned Factory emergency access door positions 14621 | -6/Zion | Learned Factory garrison access intel 14790 | -6/Zion | Received a visual enhancement algorithm 15356 | -6/Zion | Build established: Hacker-Mutant 15478 | -6/Zion | Rebuked by Imprinter 15941 | -6/Zion | Entered Proximity Caves 15942 | -5/Proximity Caves | Identified exit to Factory 15943 | -5/Proximity Caves | Reached level 20 16110 | -5/Proximity Caves | Spotted B-75 Beast 16180 | -5/Proximity Caves | Destroyed B-75 Beast 16230 | -5/Proximity Caves | Build established: Hacker-Gunner 16581 | -5/Proximity Caves | Received a Behemoth hack from an annoying Tinkerer 16980 | -5/Proximity Caves | Reached level 21 17135 | -5/Proximity Caves | Learned Factory security intel 17300 | -5/Proximity Caves | Entered Factory 17301 | -5/Factory | Identified exit to Upper Caves 17305 | -5/Factory | Loaded intel: 22 terminal locations 17306 | -5/Factory | Loaded intel: 4 garrison access locations 17398 | -5/Factory | Discovered new exit (range 22) 17523 | -5/Factory | Fabricated O-24 Administrator (x1) 17633 | -5/Factory | Discovered new exit (range 16) 17925 | -5/Factory | Discovered new exit (range 19) 18183 | -5/Factory | Reached level 22 18253 | -5/Factory | Discovered new exit (range 35) 18253 | -5/Factory | Discovered exit to Upper Caves (range 25) 18380 | -5/Factory | Upgraded with Utility slot (x1) 19700 | -5/Factory | First assault squad dispatched 19767 | -5/Factory | Reached level 23 20109 | -5/Factory | Discovered new exit (range 28) 20138 | -5/Factory | Fabricated Exp. Terrain Scanner (x1) 20469 | -5/Factory | Fabricated O-24 Administrator? 20782 | -5/Factory | Destroyed 8 combat bots 21009 | -5/Factory | Core integrity fell below 50% 21270 | -5/Factory | Repaired Hvy. Reactive Plating 21291 | -5/Factory | Build established: Hacker-Assassin 21299 | -5/Factory | Fabricated Exp. Targeting Computer (x1) 21367 | -5/Factory | Fabricated O-24 Administrator? 21489 | -5/Factory | Local fabrication network quarantined 21604 | -5/Factory | Fabricated O-24 Administrator? 21607 | -5/Factory | Entered Upper Caves 21607 | -5/Upper Caves | Accompanied by 12 allies 21609 | -5/Upper Caves | Reached level 24 21614 | -5/Upper Caves | Identified exit to Upper Caves 21711 | -5/Upper Caves | Build established: Hacker-Gunner 21902 | -5/Upper Caves | Destroyed 8 combat bots 21917 | -5/Upper Caves | Upgraded with Utility slot (x1) 22300 | -5/Upper Caves | A Derelict revealed a hidden shortcut to "reach the base" 22350 | -5/Upper Caves | Attracted the attention of an 0b10 outpost 22387 | -5/Upper Caves | Destroyed 7 combat bots 22659 | -5/Upper Caves | Entered another Upper Caves area 22659 | -5/Upper Caves | Accompanied by 8 allies 22746 | -5/Upper Caves | Discovered new exit (range 19) 22967 | -5/Upper Caves | Attracted the attention of an 0b10 checkpoint 23010 | -5/Upper Caves | Learned Factory emergency access door positions 23250 | -5/Upper Caves | Spotted B-75 Beast 23260 | -5/Upper Caves | Destroyed B-75 Beast 23318 | -5/Upper Caves | Discovered new exit (range 29) 23388 | -5/Upper Caves | Entered Warlord 23388 | -5/Warlord | Accompanied by 8 allies 23432 | -5/Warlord | Discovered new exit (range 23) 23441 | -5/Warlord | System corruption cleaned by Quarantine Array 23602 | -5/Warlord | Received a Watcher feed algorithm from an ecstatic Tinkerer 23690 | -5/Warlord | Visited the Vortex Lab 23703 | -5/Warlord | Warlord's base attacked by MAIN.C 23703 | -5/Warlord | Found Prototype Energy Gun 23703 | -5/Warlord | Identified Vortex Rail 23707 | -5/Warlord | Found Prototype Piercing Weapon 23811 | -5/Warlord | Met Warlord 23820 | -5/Warlord | Build established: Hacker-Mutant 23825 | -5/Warlord | Identified Vortex Lance 23831 | -5/Warlord | Upgraded with Power slot (x1) 23833 | -5/Warlord | Found Prototype Reactor 23833 | -5/Warlord | Identified Vortex Chain Reactor 23839 | -5/Warlord | Found Prototype Device 23839 | -5/Warlord | Identified Exp. Cloaking Device 23851 | -5/Warlord | Found Prototype Hackware 23851 | -5/Warlord | Identified System Mapper 23857 | -5/Warlord | Found Prototype Processor 23857 | -5/Warlord | Identified Exp. Target Analyzer 24008 | -5/Warlord | Destroyed 9 combat bots 24013 | -5/Warlord | Spotted DM-3M3(B) 24013 | -5/Warlord | Destroyed DM-3M3(B) 24053 | -5/Warlord | Warlord forces counterattacked 24074 | -5/Warlord | Spotted Executioner 24079 | -5/Warlord | Destroyed Executioner 24121 | -5/Warlord | Spotted B-75 Beast 24122 | -5/Warlord | Spotted B-86 Titan 24126 | -5/Warlord | Spotted Executioner 24137 | -5/Warlord | Build established: Hacker-Gunner 24143 | -5/Warlord | Destroyed Executioner 24225 | -5/Warlord | Entered Proximity Caves 24227 | -4/Proximity Caves | Reached level 25 24599 | -4/Proximity Caves | Discovered new exit (range 30) 24787 | -4/Proximity Caves | Attracted the attention of an 0b10 outpost 24804 | -4/Proximity Caves | Upgraded with Weapon slot (x1) 24914 | -4/Proximity Caves | Reached level 26 24963 | -4/Proximity Caves | Entered Factory 25194 | -4/Factory | Upgraded with Propulsion slot (x1) 25272 | -4/Factory | Build established: Hacker-Assassin 25354 | -4/Factory | Fabricated Biometal Heavy Treads (x2) 25444 | -4/Factory | Fabricated O-24 Administrator? 25657 | -4/Factory | Discovered new exit (range 27) 25658 | -4/Factory | Destroyed 9 combat bots 26032 | -4/Factory | Garrison activated, responded to threat 26406 | -4/Factory | Discovered new exit (range 14) 26605 | -4/Factory | Discovered new exit (range 29) 27005 | -4/Factory | Discovered new exit (range 25) 27019 | -4/Factory | Reached level 27 27463 | -4/Factory | First assault squad dispatched 27482 | -4/Factory | Discovered new exit (range 26) 27526 | -4/Factory | Upgraded with Weapon slot (x1) 27647 | -4/Factory | Central database locked down 27763 | -4/Factory | Local fabrication network quarantined 27819 | -4/Factory | Build established: Hacker-Executioner 27831 | -4/Factory | Fabricated Adv. Hardlight Generator? 27961 | -4/Factory | Fabricated EM Dispersion Field? 28061 | -4/Factory | Entered Upper Caves 28061 | -4/Upper Caves | Accompanied by 3 allies 28225 | -4/Upper Caves | Attracted the attention of an 0b10 outpost 28254 | -4/Upper Caves | Destroyed 9 combat bots 28343 | -4/Upper Caves | Attacked by a delusional Derelict stockpiling Unaware 28551 | -4/Upper Caves | Discovered new exit (range 19) 28586 | -4/Upper Caves | Entered another Upper Caves area 28586 | -4/Upper Caves | Accompanied by 9 allies 28647 | -4/Upper Caves | Discovered new exit (range 15) 28756 | -4/Upper Caves | Attracted the attention of an 0b10 checkpoint 28828 | -4/Upper Caves | Learned Research security intel 29059 | -4/Upper Caves | Discovered new exit (range 24) 29183 | -4/Upper Caves | Entered Zhirov 29183 | -4/Zhirov | Accompanied by 8 allies 29183 | -4/Zhirov | Discovered new exit (range 3) 29210 | -4/Zhirov | Met Zhirov 29237 | -4/Zhirov | Learned location of Quarantine (-2) 29237 | -4/Zhirov | Learned location of Testing (-3) 29237 | -4/Zhirov | Learned location of Command (-1) 29255 | -4/Zhirov | Zhirov requested help retrieving the SGEMP Prototype 29277 | -4/Zhirov | Found Alien Artifact 29277 | -4/Zhirov | Identified Transdimensional Reconstructor 29277 | -4/Zhirov | Warped through subspace 29342 | -4/Zhirov | Found Alien Artifact 29342 | -4/Zhirov | Identified Integrated Reactor 29342 | -4/Zhirov | Installed Integrated Reactor, increased core energy generation (+2%) 29542 | -4/Zhirov | Entered Proximity Caves 29542 | -3/Proximity Caves | Accompanied by 8 allies 29544 | -3/Proximity Caves | Reached level 28 29595 | -3/Proximity Caves | Destroyed 7 combat bots 29951 | -3/Proximity Caves | Reached level 29 29992 | -3/Proximity Caves | Discovered new exit (range 9) 30020 | -3/Proximity Caves | Entered Research 30020 | -3/Research | Accompanied by 7 allies 30021 | -3/Research | Identified exit to Testing 30308 | -3/Research | Build established: Hacker-Assassin 30309 | -3/Research | First assault squad dispatched 30358 | -3/Research | Garrison activated, responded to threat 30741 | -3/Research | Found Enh. Force Lance 31163 | -3/Research | Reached level 30 31182 | -3/Research | Discovered exit to Testing (range 29) 31758 | -3/Research | Destroyed 8 combat bots 32124 | -3/Research | Core integrity fell below 50% 32132 | -3/Research | Core integrity fell below 20% 32139 | -3/Research | Destroyed by G-67 Veteran with Electrolaser Last Messages --------------- 32132_ Vortex penetrates L-61 Swordsman. 32132_ Vortex penetrates G-73 Enforcer. 32132_ Vortex penetrates Wall. 32132_ System corrupted: Enh. Autogun targeting data glitched. 32132_ Destroyed Microactuators. 32134_ Vortex penetrates L-61 Swordsman. 32134_ Vortex penetrates U-05 Engineer. 32134_ Destroyed Lgt. Antimatter Reactor. 32134_ L-61 Swordsman destroyed. 32134_ Switching to secondary target: G-73 Enforcer. 32134_ G-73 Enforcer suffers critical hit. 32134_ Destroyed Hvy. Laser. 32134_ ALERT: Construction progress impeded, dispatching reinforcements to local area. 32135_ G-73 Enforcer suffers critical hit. 32135_ G-73 Enforcer destroyed. 32137_ G-73 Enforcer suffers critical hit. 32137_ Destroyed Lgt. Quantum Reactor. 32138_ G-73 Enforcer destroyed. 32139_ Protomatter-56 decays. Map ----- +----------------------------------------------------+ | ??#?#?##?#?? ## ##### ? ## ??? ?????? | | ??#?#??#?? ? ?##### ? ######??#?????? | | ######? ? ? ##### ? # ?? #????? | | # ? ? ? ? ##??# ?+ ?? #?#??? | | # ? ###### """ ?#### ? # ? ####?? | | ## ####### ? "" F"" ##??#? ?? ? ??##?? | | ##?####### """""" ##### # ??##?## | | ### """" ####?## ### ? #?#### | | ? ? #?# ######## ?## #?##?# | | """### ########?### ? ###?## | | """### ########?### ###?## | | """### ######### ######### ########??###??#? | | ### #########+######### ##############?## | | + ### ######## ############?###? | | ######### ######## ###########?#??## | | ##+#############= "" ####### #############?#?# | | ^ ###### """ ######## ############?#### | | ^ ###### T" ########R###########?#?#?# | | ^ ###### """ ########/################? | | ^ ###### " +%| #########?#?? | | ###### ###### #[!! ##########?## | | ###### ###### #% ########?#??# | | # #######;##+#### ###########?? | | # ### i #% ############# | | """ # ### [%|#! ####### | | """ # ; ; [!%/@*i + nnnno | | """ + ### g /#= #######"""n | | # ### ###### # % #######""" n | | # "### ###### # = #######""" n | | ###### "%### ###### # g #######""" | | " ###### # %g #######""" | | ###### ####;##/############ | | ###### #### ## ;########### | | ###### ####### # #### ##+#### | | ##########+#########+####### ###### ## | | ######### + != ## | | ######### ! !! # ##+###### | ## | | ## + !!! # # ## #### ## | | ## # !!! + + ####+####?# ## | | ## # #### # ] # ##?# ## | | ## #####+########### # # #### ## | | +#### # # ### # # #### # | | # # # ### # # + # | | #"" # # ### ######## #### # | | " #"" # """ # ### ######## ###? # | | " #"T # "R # ?## ###########?######??? | | " #"" # """ # ### ### # #?? | | " #"" # "" ###+### ## # ? # # | | # # + ## #? ? #?#? | | # # # ### ## # ??# ?? | +----------------------------------------------------+ Best States ------------- Heat Dissipation 91 Coolant Potential 120 Energy Generation 70 Energy Capacity 700 Matter Stores 400 Matter Capacity 400 Sight Range 16 Robot Scan Range 30 Terrain Scan Range 30 Terrain Scan Density 460 Cloak Strength 4 Armor Coverage 1200 Resistance: KI 40 Resistance: TH 30 Resistance: EX 50 Resistance: EM 75 Propulsion Shielding 33 Weapon Shielding 33 Weapon Cycling 20 Evasion (%) 50 Targeting Accuracy 12 Target Analysis 12 Recoil Reduction 4 Particle Charging 15 Kinecelleration 40 Offensive Hacking 37 Defensive Hacking 33 Item Schematics ----------------- Hcp. Battery | -8/Materials | Scanalyzed Adv. Treads | -8/Materials | Scanalyzed Adv. Terrain Scanner | -8/Storage | Hacked Enh. Autogun | -7/Factory | Scanalyzed Kinecellerator | -7/Factory | Hacked Lrn. Terrain Scanner | -7/Factory | Hacked Adv. System Shield | -6/Factory | Hacked Battle Rifle | -6/Zion | Free Battle Cannon | -6/Zion | Free Flamer | -6/Zion | Free Exp. Terrain Scanner | -5/Factory | Hacked Imp. Coolant Injector | -5/Factory | Hacked Exp. Targeting Computer | -5/Factory | Hacked Adv. Hardlight Generator | -4/Factory | Hacked Prc. Matter Filter | -4/Factory | Hacked Adv. Heavy Siege Treads | -4/Factory | Hacked Adv. Weapon Cycler | -4/Factory | Hacked Adv. Kinecellerator | -4/Factory | Hacked EM Dispersion Field | -4/Factory | Hacked Assault Drone Bay | -4/Zhirov | Free Exp. Heat Sink | -4/Zhirov | Free Exp. Optical Array | -4/Zhirov | Free Imp. Arc Thrower | -4/Zhirov | Free Beam Splitter | -3/Research | Hacked Robot Schematics ------------------ O-16 Technician | -10/Mines | Hacked O-24 Administrator | -8/Storage | Hacked O-32 Director | -4/Factory | Hacked Fabricated ------------ Kinecellerator | x1 | -7/Factory O-24 Administrator | x1 | -7/Factory O-24 Administrator | x1 | -7/Factory O-24 Administrator | x1 | -7/Factory Lrn. Terrain Scanner | x1 | -6/Factory Adv. System Shield | x1 | -6/Factory Adv. System Shield | x1 | -6/Factory O-24 Administrator | x1 | -6/Factory O-24 Administrator | x1 | -5/Factory Exp. Terrain Scanner | x1 | -5/Factory O-24 Administrator | x1 | -5/Factory Exp. Targeting Computer | x1 | -5/Factory O-24 Administrator | x1 | -5/Factory O-24 Administrator | x1 | -5/Factory Biometal Heavy Treads | x2 | -4/Factory | Preloaded O-24 Administrator | x1 | -4/Factory Adv. Hardlight Generator | x2 | -4/Factory EM Dispersion Field | x1 | -4/Factory Alien Tech Used ----------------- Transdimensional Reconstructor Integrated Reactor Achievements -------------- Leap Before You Look Challenges ------------ None RPGLIKE | -11 -10 -10 -10 -9 -8 -8 -7 -6 -6 -6 -6 -5 -5 -5 -5 -5 -4 -4 -4 -4 -4 -3 -3 --------- Run | Scr Mat Min Exi Min Mat Sto Fac Fac Low Low Zio Pro Fac Upp Upp War Pro Fac Upp Upp Zhi Pro Res Levels Raised 29 | . 1 1 . 1 4 4 4 2 1 . . 2 2 1 . . 2 1 . . . 2 1 XP Earned 47077 | 3000 2620 1380 350 792 6519 5203 6940 2885 789 687 220 1958 4066 494 435 638 1542 1941 253 635 109 1578 2043 XP Spent 41965 | 2700 1500 1100 . . 6950 4150 8875 2900 1100 690 . . 3200 3500 . 500 1700 3100 . . . . . Upgrades 50 | 12 3 1 . . 7 7 9 1 1 3 . . 1 1 . 1 1 2 . . . . . Power Slot 1 | . . . . . . . . . . . . . . . . 1 . . . . . . . Propulsion Slot 3 | 1 . . . . . . 1 . . . . . . . . . . 1 . . . . . Utility Slot 11 | 1 1 1 . . 2 1 2 1 . . . . 1 1 . . . . . . . . . Weapon Slot 6 | 1 . . . . 2 1 . . . . . . . . . . 1 1 . . . . . Heat Dissipation 11 | 3 . . . . . 5 . . . 3 . . . . . . . . . . . . . Energy Generation 1 | 1 . . . . . . . . . . . . . . . . . . . . . . . Matter Storage 2 | . . . . . . . 2 . . . . . . . . . . . . . . . . Inventory Capacity 5 | 1 1 . . . 2 . 1 . . . . . . . . . . . . . . . . Terrain Scan Density 4 | 4 . . . . . . . . . . . . . . . . . . . . . . . Hack Attack % 1 | . . . . . 1 . . . . . . . . . . . . . . . . . . Hack Defense % 1 | . 1 . . . . . . . . . . . . . . . . . . . . . . KI Damage % 4 | . . . . . . . 3 . 1 . . . . . . . . . . . . . . Protomatter Created 7904 | . 212 55 . . 617 81 938 427 471 233 54 79 1197 430 216 429 492 509 192 116 . 140 1016 Integrity Restored 11183 | . 514 90 . . 1376 309 726 571 389 321 32 231 2469 474 275 857 523 1060 171 54 . 171 570 Core 7569 | . 493 90 . . 1121 221 494 387 224 211 . 204 1595 284 169 544 337 654 85 28 . 113 315 Parts 3614 | . 21 . . . 255 88 232 184 165 110 32 27 874 190 106 313 186 406 86 26 . 58 255 Protomatter Decayed 5568 | . 40 50 . . 129 95 839 234 268 122 82 . 369 177 265 981 162 153 295 296 . 173 838 Game ------ Seed FieldNodeSplitter Manual? 1 Play Time 05:47:50 Cumulative 485.2 hours Start 2020.05.23 @ 06:46:47 End 2020.05.23 @ 13:13:26 Sessions 1 Manual Loads 0 Difficulty Rogue Special Mode Winter2019/RPGLIKE Game No. 53 Rogue 3 Adventurer 3 Explorer 47 Win Type - Total 26 Types 20/3/2/1/0/0/0 Lore% 72 Gallery% 91 Achievement% 91 Wizard Run 0 Options --------- ASCII 0 Keyboard 1 Movement Vi Keybinds 1 Fullscreen 2 Font 24/Terminus Map View 76x50 Tactical HUD 1 Map Filters NONE Filters NONE Steam 1 RUN: edef3168-1152-43dd-baba-6f92205e1c75